 Dungeon Crawl Stone Soup version 0.31-a0-825-gf28bc0971e (webtiles) character file.

Game seed: 9993507703264951633

19 qw the Shooter (level 2, -1/17 HPs)
             Began as a Gargoyle Hunter on Sept 23, 2023.
             Slain by an adder (3 damage)
             ... on level 2 of the Dungeon.
             The game lasted 00:00:19 (1111 turns).

qw the Shooter (Gargoyle Hunter)                    Turns: 1111, Time: 00:00:20

Health: -1/17      AC:  5    Str: 14    XL:     2   Next: 75%
Magic:  2/2        EV: 11    Int:  9    God:
Gold:   101        SH:  0    Dex: 13    Spells: 1/1 levels left

rFire   . . .        Y - +0 shortbow
rCold   . . .        (shield currently unavailable)
rNeg    + . .        c - +0 leather armour
rPois   inf          (no helmet)
rElec   +            (no cloak)
rCorr   .            (no gloves)
SInv    .            (no boots)
Will    .....        (no amulet)
Stlth   +            (no ring)
HPRegen 0.22/turn    (no ring)
MPRegen 0.08/turn

%: no passive effects
@: very slow
A: sickness immunity, AC +2, negative energy resistance 1, electricity
resistance, torment resistance 1, petrification resistance
a: no special abilities


You were on level 2 of the Dungeon.
You visited 1 branch of the dungeon, and saw 2 of its levels.

You collected 101 gold pieces.


Innate Abilities, Weirdness & Mutations

You are immune to sickness and miasma.
Your stone body is resilient. (AC +2)
You are immune to poison.
You resist negative energy. (rN+)
You are resistant to electric shocks. (rElec)
You are resistant to unholy torment.
You are immune to petrification.


   Skills:
 - Level 2.1 Fighting
 + Level 4.7 Ranged Weapons
 - Level 1.5 Dodging
 - Level 1.1 Stealth


You had one spell level left.
You didn't know any spells.
Your spell library was empty.

Inventory:

Hand Weapons
 Y - a +0 shortbow (weapon)
Armour
 c - a +0 leather armour (worn)
Jewellery
 e - a ring of protection from cold
Scrolls
 d - a scroll of immolation {unknown}
Potions
 a - a potion of lignification {unknown}
 b - 3 potions of haste {unknown}
 f - a potion of curing {unknown}

Dungeon Overview and Level Annotations

Branches:
Dungeon (2/15)

Altars:

Shops:
D:1 (


Message History

You shoot an arrow. The arrow misses the adder.
The jackal barks!
You hear a bark!
The bat barely misses you.
The jackal splashes around in the water.
The adder barely misses you.
A jackal comes into view.
A quokka comes into view.
The jackal closely misses you. The adder closely misses you.
A jackal comes into view.
The jackal moves out of view.
1107 |||
Found retreat position at -6,4 (floor) with 0 blocking monsters and 3 monsters attacking at destination at distance 6 You shoot an arrow.
The arrow misses the adder.
The bat hits you but does no damage. The jackal bites you.
The adder bites you but does no damage. The jackal barely misses you.
1108 |||
Found retreat position at -6,4 (floor) with 0 blocking monsters and 3 monsters attacking at destination at distance 6 You shoot an arrow.
The arrow barely misses the adder.
The bat hits you but does no damage. The adder closely misses you.
The bat barely misses you.
The jackal splashes around in the water.
The worm misses you. The adder closely misses you.
A hobgoblin comes into view.
The bat closely misses you.
1109 |||
Found retreat position at -6,4 (floor) with 0 blocking monsters and 3 monsters attacking at destination at distance 6 You shoot an arrow.
The arrow hits the adder.
The adder is severely wounded.
The bat hits you but does no damage. The bat barely misses you.
The jackal splashes around in the water.
The adder misses you. The worm bites you but does no damage.
The jackal closely misses you. The adder misses you.
1110 |||
Found retreat position at -6,4 (floor) with 0 blocking monsters and 3 monsters attacking at destination at distance 6 You shoot an arrow.
The arrow misses the adder.
The bat hits you but does no damage. The jackal misses you.
The jackal splashes around in the water.
The jackal barely misses you. The jackal closely misses you.
The adder bites you.
The jackal barely misses you. x2; The worm bites you!
Ouch! That really hurt!
1111 |||
Found retreat position at -6,4 (floor) with 0 blocking monsters and 3 monsters attacking at destination at distance 6 You shoot an arrow.
The arrow barely misses the adder.
The bat closely misses you. The jackal barely misses you. The adder bites you.
You die...

......~~~~.
....~.~~~.#
...~~~~~~# ##
#..~~.~~# ...
#.~~~~~.#....
#..~~~~..g.
#.~wShh#
#~~~@hr#
#.~~h~.#
#..~b~.#
####.~~~~##
#....~~~~~##
#.#
#?...~~~~~~#
#.#
#.....~~~~~~#
#.#
#......~~~~~~~
#.#
#.......######


You could see a worm, an adder, a quokka, 4 jackals, a hobgoblin and a bat.

Vanquished Creatures
  2 bats
  3 endoplasms
  A goblin (D:2)
  A hobgoblin (D:1)
  A quokka (D:1)
  A frilled lizard (D:1)
  3 kobolds
  7 rats
19 creatures vanquished.

Notes
Turn   | Place    | Note
-------+----------+-------------------------------------------
     0 | D:1      | qw the Gargoyle Hunter began the quest for the Orb.
     0 | D:1      | Reached XP level 1. HP: 12/12 MP: 1/1
     0 | D:1      | 0 ||| qw: Version: 0.3-a-83-gcd0e7d8
     0 | D:1      | 0 ||| qw: Game counter: 1788
     0 | D:1      | 0 ||| qw: Melee chars always use a shield: true
     0 | D:1      | 0 ||| qw: God list: Okawaru
     0 | D:1      | 0 ||| qw: Allow faded altars: false
     0 | D:1      | 0 ||| qw: Do Orc after clearing Dungeon:15 true
     0 | D:1      | 0 ||| qw: Do second Lair branch before Depths: true
     0 | D:1      | 0 ||| qw: Lair rune preference: random
     0 | D:1      | 0 ||| qw: Goals: Normal
     0 | D:1      | 0 ||| PLANNING D:1-11
   116 | D:1      | Found Isaf's Weapon Shoppe.
   198 | D:1      | Reached XP level 2. HP: 17/17 MP: 2/2
   627 | D:1      | Found a faded altar of an unknown god.
   642 | D:1      | 642 ||| READING 2 scrolls labelled TAXZYS QID JOD.
   822 | D:1      | 822 ||| READING 2 scrolls labelled ACKAATAKUMN.
   923 | D:1      | 923 ||| READING scroll labelled OGILYM CUSS.
   928 | D:1      | 928 ||| READING scroll labelled TEPUIG SEXUNAOR.
   929 | D:1      | 929 ||| DROPPING scroll of noise.
   930 | D:1      | 930 ||| DROPPING scroll of butterflies.
   931 | D:1      | 931 ||| DROPPING scroll of silence.
  1110 | D:2      | HP: 2/17 [worm (9)]
  1111 | D:2      | Slain by an adder

Levels and vault maps discovered:
D:1:      mushboom_english_gardens, layout_basic,
          dreamdust_ecumenical_altar_grove, serial_shops,
          nicolae_shop_just_a_little_nook
D:2:      layout_basic, serial_rivers, chequers_serial_rivers_large_a,
          chequers_serial_rivers_small_a, chequers_serial_rivers_large_b,
          chequers_serial_rivers_micro_a, chequers_serial_rivers_micro_c,
          minmay_distorted

Action                     || total
---------------------------++-------
   Fire: Shortbow          ||    61
    Use: Scroll            ||     4
 Armour: Leather armour    ||    28
  Dodge: Dodged            ||    29

Table legend:
 A = Non-vault XP
 B = Vault XP
 C = Vault XP percentage of total XP
 D = Non-vault monster count
 E = Vault monster count
 F = Vault count percentage of total count
                 A         B        C        D         E       F
            +---------+---------+-------+---------+---------+-------
      Total |      28 |       0 |   0.0 |      19 |       0 |   0.0
            +---------+---------+-------+---------+---------+-------
        D:1 |      17 |       0 |   0.0 |      12 |       0 |   0.0
        D:2 |      11 |       0 |   0.0 |       7 |       0 |   0.0
            +---------+---------+-------+---------+---------+-------
